Map: Data-C

Players

ShaDoWn

  • Race: Protoss Protoss
  • Spawn Location: 9:00

Kelazhur - Winner!

  • Race: Terran Terran
  • Spawn Location: 3:00

Event: DreamHack SC2 Masters 2022 Atlanta (Offline)

VOD

Have the link to the VOD?

Description

Time

  • Played on: Nov. 18, 2022, 3:43 p.m.
  • Length: 14:40

All games in this series

Show
View Real Time Build Order
Export as new Build Order

ShaDoWn Protoss 

Build Orders: 1 Gate Expand, Phoenix Opening, Colossus Rush 

Get SALT Encoding   

  12  0:00  Probe  
  13  0:12  Probe  
  14  0:17  Pylon  
  14  0:24  Probe  
  15  0:35  Gateway  
  15  0:37  Probe (Chrono Boost)  
  16  0:47  Probe (Chrono Boost), Assimilator  
  17  0:52  Probe (Chrono Boost)  
  18  1:04  Probe  
  19  1:16  Probe  
  20  1:22  Cybernetics Core  
  20  1:33  Nexus  
  20  1:41  Pylon  
  20  1:43  Probe  
  21  1:48  Assimilator  
  21  1:55  Probe  
  21  1:56  Stalker (Chrono Boost)  
  24  2:07  Probe (Chrono Boost)  
  25  2:19  Probe (Chrono Boost)  
  26  2:23  Stargate  
  26  2:24  Probe (Chrono Boost)  
  27  2:33  Stalker  
  27  2:34  Probe (Chrono Boost)  
  30  2:40  Warp Gate  
  30  2:45  Probe (Chrono Boost)  
  32  2:52  Probe (Chrono Boost)  
  32  2:54  Probe (Chrono Boost)  
  34  2:59  Probe x2 (Chrono Boost)  
  34  3:06  Phoenix  
  34  3:11  Probe (Chrono Boost)  
  34  3:12  Probe (Chrono Boost)  
  38  3:18  Pylon  
  38  3:23  Probe (Chrono Boost)  
  40  3:27  Probe (Chrono Boost)  
  40  3:29  Probe (Chrono Boost)  
  40  3:31  Phoenix  
  40  3:32  Assimilator  
  43  3:34  Probe  
  43  3:37  Robotics Facility  
  43  3:38  Probe  
  45  3:44  Gateway  
  45  3:46  Probe  
  46  3:49  Assimilator  
  46  3:50  Probe  
  46  3:53  Pylon  
  47  3:57  Phoenix  
  47  3:58  Probe  
  47  4:02  Probe  
  51  4:10  Probe  
  51  4:14  Probe  
  52  4:23  Probe (Chrono Boost)  
  47  4:30  Phoenix, Probe (Chrono Boost)  
  49  4:35  Probe (Chrono Boost)  
  51  4:41  Probe x2 (Chrono Boost)  
  51  4:45  Nexus  
  52  4:49  Probe  
  52  4:50  Probe, Pylon  
  53  5:00  Robotics Bay  
  53  5:01  Probe  
  53  5:02  Probe  
  55  5:10  Phoenix  
  55  5:11  Gateway  
  55  5:12  Pylon  
  55  5:13  Probe  
  60  5:22  Zealot, Stalker  
  60  5:24  Immortal (Chrono Boost)  
  66  5:32  Pylon  
  64  5:37  Probe  
  64  5:41  Probe  
  66  5:45  Stalker x2  
  66  5:49  Probe  
  71  5:52  Colossus (Chrono Boost)  
  71  5:53  Probe  
  78  6:06  Probe  
  78  6:11  Extended Thermal Lance  
  79  6:12  Probe (Chrono Boost)  
  79  6:13  Probe (Chrono Boost)  
  82  6:19  Shield Battery  
  82  6:22  Probe (Chrono Boost)  
  82  6:24  Zealot x2, Sentry, Probe (Chrono Boost)  
  90  6:29  Forge, Probe (Chrono Boost)  
  90  6:31  Probe (Chrono Boost)  
  90  6:32  Pylon  
  92  6:33  Probe (Chrono Boost)  
  92  6:36  Probe  
  90  6:42  Probe  
  90  6:44  Probe  
  87  6:48  Zealot x3, Probe  
  87  6:49  Colossus (Chrono Boost)  
  100  6:54  Probe  
  100  7:00  Probe  
  100  7:01  Twilight Council  
  103  7:03  Protoss Ground Weapons Level 1  
  102  7:10  Probe x2  
  102  7:12  Probe, Assimilator  
  102  7:13  Assimilator  
  102  7:15  Forge  
  105  7:17  Sentry x2  
  105  7:20  Pylon  
  105  7:21  Pylon  
  109  7:26  Pylon  
  109  7:28  Photon Cannon  
  109  7:32  Photon Cannon  
  109  7:38  Observer (Chrono Boost), Probe  
  109  7:41  Charge (Chrono Boost)  
  109  7:43  Protoss Ground Armor Level 1  
  111  7:46  Templar Archives  
  111  7:47  Zealot x3  
  117  7:52  Gateway  
  117  7:54  Observer (Chrono Boost), Gateway  
  117  7:57  Pylon  
  118  8:08  Zealot x3  
  118  8:12  Gateway x2  
  124  8:16  Colossus (Chrono Boost)  
  122  8:22  Observer, Pylon  
  128  8:33  Zealot x3  
  131  8:54  Zealot  
  131  8:55  Zealot x3  
  139  8:58  Probe  
  139  9:01  Pylon  
  140  9:08  Nexus  
  136  9:10  Colossus (Chrono Boost)  
  136  9:14  Pylon x2  
  136  9:16  Pylon  
  140  9:20  Pylon  
  140  9:21  Zealot x4, Pylon  
  146  9:31  Protoss Ground Weapons Level 2 (Chrono Boost)  
  146  9:38  Probe  
  139  9:46  Probe  
  139  9:47  Protoss Ground Armor Level 2 (Chrono Boost), Observer, High Templar x3  
  139  9:48  Nexus, High Templar x3  
  139  9:52  Archon x3  
  152  9:53  Pylon  
  152  9:55  Probe  
  152  9:56  Immortal (Chrono Boost), Probe  
  158  10:07  Probe  
  158  10:09  Cybernetics Core  
  158  10:13  Probe  
  160  10:17  Probe  
  160  10:19  Probe  
  162  10:21  Zealot x3  
  162  10:22  Zealot x3  
  162  10:27  Observer (Chrono Boost)  
  174  10:31  Probe x4  
  178  10:38  Photon Cannon  
  178  10:40  Photon Cannon  
  177  10:43  Probe x4  
  177  10:45  Observer (Chrono Boost)  
  181  10:54  Observer (Chrono Boost)  
  184  11:00  Stargate  
  180  11:08  Assimilator x2  
  180  11:10  Stalker x3, Blink (Chrono Boost)  
  184  11:13  Disruptor  
  185  11:21  Zealot x3  
  185  11:23  Pylon  
  189  11:26  Shield Battery, Pylon  
  189  11:27  Pylon  
  189  11:28  Photon Cannon  
  189  11:31  Shield Battery  
  189  11:32  Photon Cannon  
  185  11:39  Zealot x3  
  186  11:43  Zealot x3  
  186  11:46  Probe  
  167  11:50  Probe x2  
  167  11:53  Nexus  
  168  11:57  Disruptor (Chrono Boost)  
  170  12:10  Fleet Beacon  
  170  12:11  Nexus  
  170  12:17  Protoss Air Weapons Level 1 (Chrono Boost)  
  170  12:22  Protoss Shields Level 1  
  170  12:25  Pylon  
  170  12:27  Probe  
  170  12:28  Shield Battery  
  170  12:29  Pylon  
  171  12:33  Shield Battery, Observer (Chrono Boost)  
  171  12:35  Shield Battery  
  172  12:42  Oracle  
  172  12:43  Disruptor (Chrono Boost)  
  173  12:44  Shield Battery  
  173  12:46  Stalker x3  
  173  12:47  Zealot x3  
  173  13:02  Nexus  
  159  13:11  Zealot x3  
  159  13:12  Zealot x3  
  166  13:14  Disruptor  
  166  13:19  Probe  
  141  13:28  Probe  
  141  13:31  Nexus, Zealot x3  
  141  13:32  Zealot x3  
  142  13:38  Probe  
  143  13:47  Fleet Beacon  
  143  13:49  Stargate  
  143  13:53  Observer (Chrono Boost)  
  141  14:01  Zealot x4  
  141  14:02  Stalker x2, Pylon  
  151  14:09  Observer (Chrono Boost)  
  147  14:22  Zealot  
  147  14:23  Zealot x3  
  108  14:32  Stalker x2  
Show
View Real Time Build Order
Export as new Build Order

Kelazhur Terran - Winner!

Build Orders:  

Get SALT Encoding   

  12  0:00  SCV  
  13  0:12  SCV  
  14  0:17  Supply Depot  
  14  0:24  SCV  
  15  0:38  SCV  
  15  0:39  Barracks  
  16  0:43  Refinery  
  16  0:50  SCV  
  16  0:52  Refinery  
  17  1:02  SCV  
  18  1:15  SCV  
  19  1:27  Reaper, Orbital Command  
  19  1:28  Supply Depot  
  20  1:41  Factory  
  20  1:52  SCV  
  21  1:59  Barracks Reactor  
  21  2:04  SCV  
  22  2:15  Command Center  
  22  2:18  SCV  
  23  2:30  SCV, Starport  
  23  2:36  Widow Mine  
  26  2:41  Supply Depot  
  26  2:42  SCV  
  27  2:47  Marine x2  
  29  2:54  SCV  
  31  3:09  Factory Tech Lab, Marine x2  
  31  3:10  Medivac  
  31  3:11  SCV  
  34  3:20  Widow Mine  
  34  3:24  SCV  
  34  3:26  Orbital Command  
  34  3:27  Marine x2  
  39  3:36  SCV  
  39  3:40  Barracks  
  40  3:45  Viking  
  40  3:47  Factory Tech Lab  
  40  3:48  SCV, Orbital Command  
  43  3:51  Marine x2  
  45  4:00  SCV  
  46  4:09  Marine x2  
  48  4:12  SCV  
  48  4:18  SCV  
  47  4:24  SCV  
  47  4:27  Cyclone, Marine x2  
  47  4:31  SCV  
  51  4:34  Barracks Tech Lab  
  51  4:36  SCV, Barracks  
  51  4:37  Starport Tech Lab  
  50  4:43  Supply Depot, SCV  
  50  4:45  Marine x2  
  53  4:48  SCV  
  54  4:53  Stimpack  
  54  5:00  Marine  
  54  5:01  SCV x2, Raven  
  54  5:05  Refinery  
  54  5:06  Supply Depot, Engineering Bay  
  57  5:07  Marine x2  
  57  5:13  SCV  
  57  5:14  SCV, Siege Tank  
  63  5:23  Marine  
  63  5:25  SCV, Marine x2  
  63  5:26  SCV  
  68  5:29  Supply Depot  
  68  5:37  SCV  
  68  5:38  SCV  
  70  5:43  Marine x2  
  70  5:44  Marauder  
  70  5:49  Supply Depot, SCV  
  75  5:50  SCV  
  75  5:52  Supply Depot, Marauder, Starport Reactor  
  75  5:54  Combat Shield  
  78  6:01  SCV  
  78  6:02  SCV  
  80  6:05  Marine  
  80  6:09  Marauder  
  86  6:13  SCV  
  86  6:14  SCV  
  86  6:18  Supply Depot, Terran Infantry Weapons Level 1  
  83  6:19  Refinery  
  83  6:25  SCV  
  83  6:26  SCV, Factory Reactor  
  83  6:27  Marine  
  83  6:28  Marauder, Marine  
  88  6:37  SCV  
  88  6:38  SCV  
  81  6:48  Marauder, Marine x2  
  81  6:50  Medivac x2  
  90  6:55  Missile Turret  
  90  6:59  Command Center  
  89  7:03  Concussive Shells, Marauder  
  89  7:05  Missile Turret  
  91  7:08  Marine  
  91  7:09  Marine  
  91  7:11  Widow Mine x2  
  97  7:19  Supply Depot, Marauder  
  101  7:24  Medivac  
  101  7:25  Medivac  
  103  7:30  Marine x2  
  103  7:31  Marauder  
  103  7:32  SCV  
  103  7:34  Widow Mine  
  103  7:36  Supply Depot  
  110  7:41  Widow Mine  
  112  7:45  Marauder  
  112  7:48  SCV x2, Barracks  
  116  7:52  Barracks  
  116  7:54  Marine x2  
  120  7:58  Marauder  
  120  8:04  SCV x2  
  122  8:12  Terran Infantry Armor Level 1, Marauder  
  124  8:16  Missile Turret  
  123  8:28  SCV x2, Marauder  
  123  8:34  Marine x2  
  122  8:35  Marauder  
  122  8:36  Widow Mine x2  
  122  8:38  Orbital Command  
  122  8:40  Supply Depot, SCV  
  122  8:41  Supply Depot  
  131  8:44  SCV  
  131  8:48  Barracks Tech Lab  
  132  8:50  Barracks Reactor  
  132  8:52  SCV  
  132  8:53  Refinery x2  
  132  8:55  Armory  
  133  8:56  Engineering Bay, SCV  
  133  8:57  Supply Depot  
  133  8:59  Marauder x2  
  138  9:05  Marauder  
  140  9:15  SCV  
  140  9:16  Marine  
  140  9:17  Marine  
  142  9:20  Viking x2  
  140  9:39  SCV  
  132  9:47  Command Center  
  132  9:50  Medivac x2  
  132  9:52  Marine x2  
  140  9:53  Ghost Academy, Marauder x3, Marine x2  
  140  9:54  SCV x3  
  149  10:04  Missile Turret  
  149  10:05  Widow Mine x2, Terran Infantry Weapons Level 2  
  153  10:08  SCV  
  153  10:11  Marine x3  
  153  10:13  Supply Depot  
  157  10:15  Supply Depot  
  157  10:27  Medivac x2  
  157  10:28  Ghost x2  
  161  10:30  Enhanced Shockwaves  
  161  10:34  Ghost  
  167  10:44  Marine x3  
  170  10:50  Terran Infantry Armor Level 2  
  170  10:52  Terran Ship Weapons Level 1, Marine  
  170  10:56  SCV x2  
  173  10:57  Marine  
  173  11:00  Planetary Fortress  
  173  11:01  Missile Turret  
  174  11:07  Viking x2  
  174  11:10  Ghost x2  
  174  11:11  Starport  
  182  11:12  Marine x2  
  182  11:13  Marine  
  185  11:19  Factory Reactor, Ghost  
  187  11:35  Marine  
  187  11:38  Ghost  
  186  11:43  Marine x2, Ghost  
  186  11:44  Marine  
  181  11:48  Ghost  
  181  11:53  Marine  
  178  11:55  Viking  
  178  11:58  Barracks  
  178  11:59  Barracks  
  178  12:00  Barracks  
  180  12:01  Marine x2  
  180  12:04  SCV x3  
  180  12:08  Supply Depot, Marauder  
  187  12:09  Viking x2  
  187  12:11  Viking  
  187  12:12  Marauder  
  195  12:18  SCV  
  195  12:20  Supply Depot  
  196  12:25  Missile Turret  
  196  12:29  Viking  
  200  12:30  SCV x2  
  200  12:49  Command Center  
  187  13:07  Viking x2  
  187  13:09  Marine x8  
  193  13:13  Marauder  
  193  13:14  Marauder  
  167  13:27  Marine  
  167  13:28  Widow Mine, Marauder, Marine  
  167  13:29  Marine x5  
  171  13:35  Marauder x2  
  171  13:37  Viking x2  
  171  13:38  Viking x2  
  179  13:45  Marine  
  179  13:46  Marine x3  
  186  13:49  Marauder  
  186  13:52  Barracks Reactor, Barracks Tech Lab x2  
  186  13:54  Widow Mine x2  
  189  13:56  Marauder, Marine  
  189  14:00  Missile Turret  
  196  14:17  Marauder x2  
  196  14:19  Marauder  
Tags
 
Add a new tag
Caveats
  • Supply blocks, unpowered buildings, or Contaminate may cause inaccurate times.
  • Supply counts are checked every 10 seconds.